 Dungeon Crawl Stone Soup version 0.27-a0-836-gfc908b8576 (webtiles) character file.

Game seed: 9621604882360691666

43 n0claF the Ruffian (level 3, 0/33 HPs)
             Began as a Ghoul Monk on Mar 31, 2021.
             Slain by an adder (1 damage)
             ... on level 2 of the Dungeon.
             The game lasted 00:03:57 (1211 turns).

n0claF the Ruffian (Ghoul Monk)                     Turns: 1211, Time: 00:03:57

Health: 0/33       AC:  2    Str: 15    XL:     3   Next: 58%
Magic:  2/2        EV: 12    Int:  5    God:
Gold:   41         SH:  0    Dex: 11    Spells: 2/2 levels left

rFire    . . .     SeeInvis .     - Unarmed
rCold    + . .     Faith    .   (no shield)
rNeg     + + +     Spirit   .   a - +0 robe
rPois    ∞         Reflect  .   (no helmet)
rElec    .         Harm     .   (no cloak)
rCorr    .         Rampage  .   (no gloves)
Will     .....                  (no boots)
Stlth    ++........             (no amulet)
HPRegen  0.00/turn              (no ring)
MPRegen  0.08/turn              (no ring)

@: no status effects
A: claws 1, cold resistance 1, negative energy resistance 3, inhibited
regeneration, torment resistance 2, unbreathing 1
a: no special abilities


You were on level 2 of the Dungeon.
You visited 1 branch of the dungeon, and saw 2 of its levels.

You collected 41 gold pieces.

Inventory:

Armour
 a - a +0 robe (worn)
Scrolls
 c - a scroll of enchant weapon {unknown}
 e - a scroll of magic mapping {unknown}
Potions
 b - a potion of ambrosia {unknown}
 d - 2 potions of flight {unknown}


   Skills:
 + Level 3.7 Fighting
 + Level 3.1 Dodging
 - Level 2.1 Stealth
 * Level 4.2 Unarmed Combat


You had 2 spell levels left.
You didn't know any spells.
Your spell library was empty.

Dungeon Overview and Level Annotations

Branches:
Dungeon (2/15)

Altars:
Elyvilon


Innate Abilities, Weirdness & Mutations

You thrive by killing the living.
You are immune to poison.
You have sharp fingernails.
Your flesh is cold resistant. (rC+)
You are immune to negative energy. (rN+++)
You do not regenerate when monsters are visible.
You are immune to unholy pain and torment.
You can survive without breathing.


Message History

The adder hisses angrily.
The jackal barks!
You claw the jackal!
You kill the jackal!
The jackal barely misses you.
You scratch the jackal. The jackal misses you.
You closely miss the jackal. The jackal bites you. x2
You closely miss the jackal.
The jackal bites you but does no damage.
The jackal misses you. The jackal bites you. The jackal closely misses you.
The jackal barely misses you.
You closely miss the jackal. The jackal bites you. x3
You closely miss the jackal. The jackal bites you. x3
* * * LOW HITPOINT WARNING * * *
The jackal barely misses you. x2; The jackal closely misses you. x2
You claw the jackal!
You kill the jackal!
The jackal barely misses you.
You scratch the jackal. The jackal closely misses you. The jackal bites you.
* * * LOW HITPOINT WARNING * * *
The jackal barely misses you. x2
You closely miss the jackal. The jackal bites you.
* * * LOW HITPOINT WARNING * * *
The jackal misses you.
You claw the jackal!
You kill the jackal!
The jackal bites you.
* * * LOW HITPOINT WARNING * * *
You scratch the jackal but do no damage.
The adder barely misses you. The jackal barely misses you.
The adder barely misses you. The jackal barely misses you.
You scratch the jackal.
You kill the jackal!
The adder misses you.
You closely miss the adder. The adder bites you.
* * * LOW HITPOINT WARNING * * *
You miss the adder. The adder closely misses you.
You scratch the adder. The adder barely misses you.
You scratch the adder but do no damage. The adder closely misses you.
The adder bites you.
* * * LOW HITPOINT WARNING * * *
You closely miss the adder. The adder misses you.
You barely miss the adder. The adder bites you.
* * * LOW HITPOINT WARNING * * *
You barely miss the adder. The adder barely misses you.
You miss the adder. The adder bites you.
* * * LOW HITPOINT WARNING * * *
The adder bites you.
* * * LOW HITPOINT WARNING * * *
You barely miss the adder. The adder bites you.
You die...

.... ... ##
###..#. .....#.##
##...>..#
........###
#.....## ###†S..#
#@#..######
#....†....##
#....†..<..#
#..........#
#...........(#
#...............#
............##.###
####..$......# ..#
#.#.#.....# b#


You could see an adder.

Vanquished Creatures
  A worm (D:2)
  4 dart slugs (D:1)
  An endoplasm (D:1)
  2 giant cockroaches (D:1)
  4 hobgoblins (D:1)
  7 jackals
  2 quokkas (D:1)
  A ball python (D:1)
  3 bats
  2 frilled lizards
  A goblin (D:1)
  A rat (D:1)
29 creatures vanquished.

Notes
Turn   | Place    | Note
-------+----------+-------------------------------------------
     0 | D:1      | n0claF the Ghoul Monk began the quest for the Orb.
     0 | D:1      | Reached XP level 1. HP: 19/19 MP: 0/0
   246 | D:1      | Reached XP level 2. HP: 26/26 MP: 1/1
   744 | D:1      | Reached skill level 4 in Unarmed Combat
   744 | D:1      | Reached XP level 3. HP: 29/31 MP: 2/2
  1210 | D:2      | HP: 1/33 [adder (2)]
  1211 | D:2      | Slain by an adder

Illustrated notes

Levels and vault maps discovered:
D:1:      minmay_arrival_semitransparent, layout_loops_ring
D:2:      layout_rooms, lemuel_crystal_altar, tso_altar,
          uniq_crazy_yiuf_cottage, uniq_natasha, uniq_robin

Skill      XL: |  1  2 |
---------------+-------+-----
Dodging        | 3 |  3.1
Unarmed Combat | 4 |  4.2
Fighting       | |  3.7
Stealth        | |  2.1

Action                   || total
-------------------------++-------
Melee: Unarmed           ||   105
       Punch             ||     1
 Stab: Sleeping          ||     7
Armor: Robe              ||    15
Dodge: Dodged            ||    83

Table legend: (Time is in decaauts)
 A = Elapsed time spent in this place.
 B = Non-inter-level travel time spent in this place.
 C = Inter-level travel time spent in this place.
 D = Time resting spent in this place.
 E = Time spent auto-exploring this place.
 F = Levels seen in this place.
 G = Mean time per level.
                   A        B        C        D        E       F      G
               +--------+--------+--------+--------+--------+-----+--------+
         Total |   1204 |   1183 |     21 |    223 |    782 |   2 |  602.0 |
       Dungeon |   1204 |   1183 |     21 |    223 |    782 |   2 |  602.0 |
               +--------+--------+--------+--------+--------+-----+--------+

Top non-repeatable levels by time:
     D:1: 1131 daAuts
     D:2: 72 daAuts
